 Dungeon Crawl Stone Soup version 0.26-a0-649-gf8c6c3aab7 (webtiles) character file.

Game seed: 15930073232247760538

23 oldriver the Skirmisher (level 2, -3/19 HPs)
             Began as a Gargoyle Fighter on Sept 26, 2020.
             Slain by a goblin
             ... wielding a +0 dagger
              (5 damage)
             ... on level 1 of the Dungeon.
             The game lasted 00:00:30 (714 turns).

oldriver the Skirmisher (Gargoyle Fighter)           Turns: 714, Time: 00:00:31

Health: -3/19      AC:  9    Str: 19    XL:     2   Next: 95%
Magic:  2/2        EV:  7    Int:  8    God:
Gold:   26         SH:  9    Dex:  9    Spells: 1/1 levels left

rFire    . . .     SeeInvis .   a - +0 flail
rCold    . . .     Faith    .   c - +0 kite shield
rNeg     + . .     Spirit   .   b - +0 scale mail
rPois    ∞         Reflect  .   (no helmet)
rElec    +         Harm     .   (no cloak)
rCorr    .         Rampage  .   (no gloves)
MR       .....                  (no boots)
Stlth    ..........             (no amulet)
HPRegen  0.06/turn              (no ring)
MPRegen  0.08/turn              (no ring)

@: no status effects
A: negative energy resistance 1, electricity resistance, unbreathing,
petrification resistance, rot immunity, AC +2
a: no special abilities


You were on level 1 of the Dungeon.
You visited 1 branch of the dungeon, and saw 2 of its levels.

You collected 26 gold pieces.

Inventory:

Hand Weapons
 a - a +0 flail (weapon)
Armour
 b - a +0 scale mail (worn)
 c - a +0 kite shield (worn)
Jewellery
 h - an uncursed ring of positive energy {unknown}
 i - an uncursed amulet of reflection {unknown}
Scrolls
 e - a scroll of amnesia {unknown}
 f - a scroll of teleportation {unknown}
 g - a scroll of immolation {unknown}
Potions
 d - a potion of might
 j - a potion of curing {unknown}
 k - a potion of invisibility {unknown}


   Skills:
 + Level 3.6 Fighting
 + Level 2.4 Maces & Flails
 + Level 3.6 Armour
 + Level 0.2 Dodging
 + Level 3.4 Shields


You had one spell level left.
You didn't know any spells.
Your spell library was empty.

Dungeon Overview and Level Annotations

Branches:
Dungeon (2/15)

Altars:

Annotations:
D:2 Robin, Sigmund


Innate Abilities, Weirdness & Mutations

You are resistant to torment.
Your stone body is resilient. (AC +2)
You are immune to poison.
You resist negative energy. (rN+)
You are resistant to electric shocks. (rElec)
You can survive without breathing.
You are immune to petrification.
You are immune to rotting.


Message History

The goblin is moderately wounded.
You block the goblin's attack. The hobgoblin hits you.
* * * LOW HITPOINT WARNING * * *
The goblin hits you but does no damage. x2
You sock the goblin!
You kill the goblin!
You block the hobgoblin's attack. The goblin closely misses you.
The hobgoblin hits you.
* * * LOW HITPOINT WARNING * * *
The goblin hits you but does no damage.
You see here a goblin corpse.
The hobgoblin barely misses you.
You barely miss the hobgoblin. You closely miss the goblin.
The goblin closely misses you.
The hobgoblin hits you but does no damage.
You thump the hobgoblin!
You kill the hobgoblin!
The goblin hits you but does no damage. You block the goblin's attack.
You closely miss the goblin. The goblin hits you with a +0 dagger.
You die...

.....##..# #..............# #.#
####.##..###...#########..# #.#
#.##........#########..# #.#
#.###.#.#...........#..# #.# #.#
#.#....########.#..# #.# #.#
#.#..............).#####.# #(#
#.#....##.......>......#..
####.###.#.#..##.##.#####..##.###
#............#>g@##.# #..##.#
#.######...##.#####.#####..##.###
#.# ##..##..............##....
#.# #..########.######.#####. #.#
#..# #.# #.# #. #.# #..#
#.######.# #. #.# #..#
#......#.#####. #.#######..#
######......... #..........#
#.......#####.


You could see a goblin (strong).

Vanquished Creatures
  2 dart slugs (D:1)
  A leopard gecko (D:1)
  A ball python (D:1)
  5 goblins
  2 hobgoblins
  A frilled lizard (D:1)
  2 kobolds (D:1)
  3 rats (D:1)
17 creatures vanquished.

Notes
Turn   | Place    | Note
-------+----------+-------------------------------------------
     0 | D:1      | oldriver the Gargoyle Fighter began the quest for the Orb.
     0 | D:1      | Reached XP level 1. HP: 14/14 MP: 1/1
   123 | D:1      | Reached XP level 2. HP: 19/19 MP: 2/2
   668 | D:2      | Noticed Sigmund
   700 | D:2      | Noticed Robin
   714 | D:1      | Slain by a goblin

Illustrated notes

Levels and vault maps discovered:
D:1:      elethiomel_arrival_quiet, layout_loops_ring
D:2:      layout_rooms, chequers_ecumenical_altar_simple_redux, uniq_sigmund,
          uniq_jessica, uniq_robin

Action                   || total
-------------------------++-------
Melee: Flail             ||    60
Armor: Scale mail        ||    43
Dodge: Dodged            ||    33
Block: Kite shield       ||    44

Table legend: (Time is in decaauts)
 A = Elapsed time spent in this place.
 B = Non-inter-level travel time spent in this place.
 C = Inter-level travel time spent in this place.
 D = Time resting spent in this place.
 E = Time spent auto-exploring this place.
 F = Levels seen in this place.
 G = Mean time per level.
                   A        B        C        D        E       F      G
               +--------+--------+--------+--------+--------+-----+--------+
         Total |    737 |    679 |     58 |      0 |    536 |   2 |  368.5 |
       Dungeon |    737 |    679 |     58 |      0 |    536 |   2 |  368.5 |
               +--------+--------+--------+--------+--------+-----+--------+

Top non-repeatable levels by time:
     D:1: 719 daAuts
     D:2: 17 daAuts
